 Dungeon Crawl Stone Soup version 0.22-a0-78-g0f8607c (webtiles) character file.

5787 Amnesiac the Destroyer (level 10, -5/59 HPs)
             Began as a Deep Elf Conjurer on Jan 16, 2018.
             Was an Elder of Sif Muna.
             Slain by Grum
             ... wielding a +0 spear
              (12 damage)
             ... on level 8 of the Dungeon.
             The game lasted 00:16:35 (9243 turns).

Amnesiac the Destroyer (Deep Elf Conjurer)          Turns: 9243, Time: 00:16:36

Health: -5/59      AC: 13    Str:  5    XL:     10   Next: 50%
Magic:  1/27       EV: 16    Int: 24    God:    Sif Muna [****..]
Gold:   440        SH:  0    Dex: 15    Spells: 26/31 levels left

rFire    . . .     SeeInvis .   a - +1 dagger (venom)
rCold    . . .     Gourm    .   (no shield)
rNeg     . . .     Faith    .   p - +0 robe
rPois    .         Spirit   .   (no helmet)
rElec    .         Reflect  .   (no cloak)
rCorr    .         Harm     .   l - +1 pair of gloves
MR       +....                  H - +0 pair of boots
Stlth    ++........             (no amulet)
HPRegen  0.19/turn              x - +4 ring of protection
MPRegen  0.20/turn              u - +4 ring of protection

@: divine energy
A: no striking features
a: Stop Divine Energy, Channel Magic, Forget Spell, Renounce Religion


You were on level 8 of the Dungeon.
You worshipped Sif Muna.
Sif Muna was greatly pleased with you.
You were not hungry.

You visited 2 branches of the dungeon, and saw 9 of its levels.

You collected 440 gold pieces.

Inventory:

Hand Weapons
 a - a +1 dagger of venom (weapon)
 b - a +0 blowgun
Missiles
 g - 181 stones (quivered)
 o - 3 throwing nets
 z - 8 needles of confusion
 B - 3 needles of sleeping
Armour
 l - a +1 pair of gloves (worn)
 p - a +0 robe (worn)
 A - a +1 cloak of poison resistance
 H - a +0 pair of boots (worn)
 M - a scarf of repulsion
Jewellery
 u - a +4 ring of protection (right hand)
 x - a +4 ring of protection (left hand)
 D - a +1 ring of evasion {unknown}
 I - a +3 ring of intelligence {unknown}
Wands
 f - a wand of paralysis (7)
 r - a wand of flame (25)
 y - a wand of disintegration (16)
 F - a wand of random effects (38)
 O - a wand of digging (25)
Scrolls
 e - 2 scrolls of teleportation {!r}
 i - 7 scrolls of remove curse {!r}
 k - a scroll of fear {!r}
 m - 3 scrolls of magic mapping {!r}
 n - a scroll of blinking {!r}
 C - a scroll of enchant weapon {!r, unknown}
Potions
 h - 2 potions of heal wounds {!q}
 j - a potion of degeneration {!q}
 q - 5 potions of berserk rage {!q}
 s - a potion of brilliance {!q}
 t - 3 potions of flight {!q}
 w - a potion of resistance {!q}
 E - 2 potions of mutation {!q, unknown}
 J - a potion of haste {!q, unknown}
 K - a potion of invisibility {!q, unknown}
 L - a potion of magic {!q, unknown}
 P - a potion of lignification {!q, unknown}
Books
 d - a book of Conjurations

   Spells                             Type                      Level
   a - Magic Dart                     Conjuration                  1
   b - Searing Ray                    Conjuration                  2
   c - Dazzling Spray                 Conjuration/Hexes            3
   d - Fulminant Prism                Conjuration/Hexes            4
   e - Force Lance                    Conjuration/Translocation    4
   f - Iskenderun's Mystic Blast      Conjuration                  4
 G - a book of Debilitation

   Spells                             Type                      Level
   a - Corona                         Hexes                        1
   b - Slow                           Hexes                        2
   c - Inner Flame                    Hexes/Fire                   3
   d - Portal Projectile              Hexes/Translocation          3
   e - Cause Fear                     Hexes                        4
   f - Leda's Liquefaction            Hexes/Earth                  4
Comestibles
 c - 15 rations
 N - a chunk of flesh


   Skills:
 - Level 5.0 Fighting
 - Level 6.5 Dodging
 - Level 2.4 Stealth
 + Level 11.0 Spellcasting
 * Level 12.4 Conjurations


You had 26 spell levels left.
You knew the following spells:

 Your Spells              Type           Power        Failure   Level  Hunger
a - Magic Dart            Conj           ####         1%          1    None
s - Fulminant Prism       Conj/Hex       #####.....   3%          4    None


Dungeon Overview and Level Annotations

Branches:
Dungeon (8/15)             Temple (1/1) D:4
   Lair: D:8-11

Altars:
Ashenzari
Cheibriados
Dithmenos
Elyvilon
Fedhas
Gozag
Hepliaklqana
Makhleb
Okawaru
Qazlal
Ru
Sif Muna
Trog
Uskayaw
Vehumet
Wu Jian
Xom
Yredelemnul
The Shining One

Shops:
D:8 (

Annotations:
D:8 Grum


Message History

The orc warrior is wielding a dire flail of protection.
Casting: Magic Dart
Confirm with . or Enter, or press ? or * to list all spells.
Aiming: Magic Dart
Press: ? - help, Shift-Dir - straight line, f/p - ice beast
Aim: an ice beast (heavily wounded)
The magic dart hits the ice beast.
The ice beast is heavily wounded.
The ice beast misses you.
An orc comes into view. It is wielding a flail.
There is an open door here.
Casting: Magic Dart
Confirm with . or Enter, or press ? or * to list all spells.
Aiming: Magic Dart
Press: ? - help, Shift-Dir - straight line, f/p - ice beast
Aim: an ice beast (heavily wounded)
The magic dart hits the ice beast.
The ice beast is heavily wounded.
Sif Muna grants you divine energy.
You briefly lose access to your magic!
The ice beast closely misses you.
You regain access to your magic.
Casting: Magic Dart
Confirm with . or Enter, or press ? or * to list all spells.
Aiming: Fulminant Prism
Press: ? - help, Dir - move target cursor, p - ice beast You conjure a prism of explosive energy!
Sif Muna grants you divine energy.
You briefly lose access to your magic!
The ice beast closely misses you.
You are confused.
Your fulminant prism crackles loudly.
The ice beast closely misses you.
Your fulminant prism explodes!
The blast of energy engulfs the ice beast.
The ice beast is almost dead.
The blast of energy engulfs Grum.
Grum is lightly wounded.
The blast of energy engulfs something.
Sif Muna accepts your kill.
Reactivating autopickup.
Your Spellcasting skill increases to level 11!
You feel a bit more experienced. The blast of energy engulfs you!
* * * LOW HITPOINT WARNING * * *
You hear a howl!
A wolf comes into view.
You bump into the rock wall.
The ice beast hits you but does no damage.
Unknown command.
You bump into the rock wall.
You regain access to your magic.
The ice beast hits you.
* * * LOW HITPOINT WARNING * * *
The ice beast freezes you!
* * * LOW HITPOINT WARNING * * *
Unknown command.
Unknown command.
You're too confused to move!
The ice beast hits you but does no damage.
Grum completely misses you.
Really quaff
v - a potion of curing {!q}?
You feel better. The wolf closely misses you. The ice beast hits you.
* * * LOW HITPOINT WARNING * * *
The ice beast freezes you!
* * * LOW HITPOINT WARNING * * *
Grum hits you from afar with a spear!
You die...

. ...#....# ##...#...............
# #.##....###....#...............
###.#....o.#####.###########.....
#...#...o..# #............#.....
#...'....o{# #............#.....
#...#.....o# #............#.....
##.##...o..######..##......######
##'#......o#..###..##...........#
g..#......oo).gY@...#...........#
...'...)..o#...h....#......######
...#.......#...##..##..###'#.....
####.......#...##+###..#.........
#.......+....#...#..#.........
+.......#....'...'..'.........
##################..#.........
.####......... .........#####


You could see Grum, an orc warrior, an ice beast, a wolf and 3 orcs.

Vanquished Creatures
  A two-headed ogre (D:8)
  The ghost of kal9871 the Grappler, a novice DrTm of Wu Jian (D:7)
  Maurice (D:8)
  The ghost of Cenon the Insei, a novice DgTm (D:5)
  A hippogriff (D:7)
  A spriggan (D:7)
  A hungry ghost (D:8)
  An orc warrior (D:7)
  4 ice beasts
  A sky beast (D:8)
  An eye of draining (D:8)
  4 ogres
  4 phantoms
  A centaur (D:7)
  6 bullfrogs
  9 killer bees
  3 wights (D:6)
  6 howler monkeys
  A jelly (D:5)
  5 hounds
  An orc priest (D:6)
  A centaur zombie (D:6)
  A bullfrog skeleton (D:4)
  A centaur skeleton (D:7)
  A gnoll shaman (D:8)
  4 orc wizards
  Jessica (D:3)
  Ijyb (D:5)
  An iguana (D:4)
  5 worker ants
  2 worker ant zombies (D:5)
  9 gnolls
  6 adders
  A shadow imp (D:5)
  2 oozes
  An adder skeleton (D:4)
  A worm (D:2)
  7 dart slugs
  5 leopard geckos
  16 orcs
  4 giant cockroaches
  6 hobgoblins
  11 jackals
  6 quokkas
  A ball python (D:1)
  10 bats
  5 frilled lizards
  11 goblins
  A jackal skeleton (D:6)
  7 kobolds
  10 rats
  A fulminant prism (D:5)
193 creatures vanquished.

Vanquished Creatures (others)
  56 fulminant prisms
  3 fungi (D:4)
59 creatures vanquished.

Grand Total: 252 creatures vanquished

Notes
Turn   | Place    | Note
-------+----------+-------------------------------------------
     0 | D:1      | Amnesiac the Deep Elf Conjurer began the quest for the Orb.
     0 | D:1      | Reached XP level 1. HP: 10/10 MP: 6/6
   171 | D:1      | Reached skill level 1 in Fighting
   171 | D:1      | Reached XP level 2. HP: 16/16 MP: 4/8
   822 | D:2      | Reached XP level 3. HP: 20/20 MP: 6/10
   957 | D:2      | Found a blossoming altar of Fedhas.
   959 | D:2      | Found a hazy altar of Hepliaklqana.
  1266 | D:2      | Reached XP level 4. HP: 26/26 MP: 7/11
  1272 | D:2      | Learned a level 4 spell: Fulminant Prism
  1571 | D:3      | Found a burning altar of Makhleb.
  1869 | D:3      | Noticed an ogre
  1882 | D:3      | Killed an ogre
  1882 | D:3      | Reached skill level 5 in Conjurations
  1882 | D:3      | Reached XP level 5. HP: 32/32 MP: 6/13
  2273 | D:3      | Noticed Jessica
  2283 | D:3      | Killed Jessica
  2283 | D:3      | Reached skill level 5 in Spellcasting
  2930 | D:4      | Reached XP level 6. HP: 37/37 MP: 8/15
  2954 | D:4      | Found a staircase to the Ecumenical Temple.
  2967 | Temple   | Entered the Ecumenical Temple
  3072 | Temple   | Became a worshipper of Sif Muna the Loreminder
  3651 | D:5      | Entered Level 5 of the Dungeon
  3689 | D:5      | Noticed Ijyb
  3714 | D:5      | Killed Ijyb
  3715 | D:5      | HP: 2/57 [poisoned by Ijyb]
  3893 | D:5      | Noticed Cenon's ghost (novice DgTm)
  4419 | D:5      | Reached XP level 7. HP: 24/43 MP: 0/16
  4550 | D:5      | Reached skill level 5 in Dodging
  5655 | D:6      | Reached skill level 5 in Fighting
  5739 | D:6      | Reached XP level 8. HP: 39/49 MP: 1/18
  5811 | D:6      | Reached * piety under Sif Muna
  5811 | D:6      | Reached skill level 6 in Conjurations
  6460 | D:7      | Reached skill level 7 in Conjurations
  6562 | D:7      | Reached skill level 8 in Conjurations
  6584 | D:7      | Noticed a hippogriff
  6670 | D:7      | Reached ** piety under Sif Muna
  6932 | D:7      | Reached XP level 9. HP: 49/54 MP: 11/22
  6966 | D:7      | Reached skill level 9 in Conjurations
  7261 | D:7      | Noticed kal9871's ghost (novice DrTm)
  7708 | D:7      | Killed kal9871's ghost
  7708 | D:7      | Reached *** piety under Sif Muna
  7708 | D:7      | Reached skill level 10 in Conjurations
  8240 | D:5      | Killed Cenon's ghost
  8240 | D:5      | Reached skill level 11 in Conjurations
  8336 | D:8      | Reached XP level 10. HP: 57/59 MP: 1/25
  8407 | D:8      | Reached skill level 10 in Spellcasting
  8597 | D:8      | Noticed Maurice
  8768 | D:8      | Found Dura's Weapon Emporium.
  8830 | D:8      | Noticed a two-headed ogre
  8850 | D:8      | Killed a two-headed ogre
  8850 | D:8      | Reached **** piety under Sif Muna
  8884 | D:8      | Reached skill level 12 in Conjurations
  9215 | D:8      | Killed Maurice
  9227 | D:8      | Noticed Grum
  9243 | D:8      | Slain by Grum

Vault maps used:
D:1:      lightli_arrival_statue_moat
D:2:      minitemple
D:3:      corexii_shack_village, marbit_many_paths, uniq_jessica
D:4:      minmay_temple_entry_large_hall, serial_aquarium,
          aquarium_bridge_square, aquarium_window_2, aquarium_window_1,
          aquarium_window_corridor_3, aquarium_view_2d, aquarium_view_2d,
          first_ration
D:5:      uniq_ijyb
D:7:      the_bakery
D:8:      minmay_statue_hallways, serial_shops, shop, uniq_grum,
          uniq_prince_ribbit1, uniq_maurice
Temple:   dpeg_five_rooms_temple

Skill      XL: |  1  2  3  4  5  6  7  8  9 10 |
---------------+-------------------------------+-----
Fighting       | 1 2 3 4 5 |  5.0
Spellcasting   | 4 5 7 9 11 | 11.0
Conjurations   | 5 8 11 12 | 12.4
Dodging        | 4 6 |  6.5
Stealth        | |  2.4

Action                   |  1- 3 |  4- 6 |  7- 9 | 10-12 || total
-------------------------+-------+-------+-------+-------++-------
Melee: Unarmed           |     1 |     3 |       |       ||     4
       Dagger            |       |    36 |   102 |    32 ||   170
 Cast: Magic Dart        |    83 |   155 |   251 |    80 ||   569
       Fulminant Prism   |       |    10 |    31 |    16 ||    57
Invok: Divine Energy     |       |       |     1 |       ||     1
  Use: Scroll            |       |    13 |       |       ||    13
       Potion            |       |     2 |       |     1 ||     3
 Stab: Sleeping          |       |       |     1 |       ||     1
  Eat: Chunk             |     1 |     8 |    10 |     1 ||    20
       Ration            |       |     1 |     2 |       ||     3
Armor: Robe              |     1 |    27 |    64 |    32 ||   124
Dodge: Dodged            |     5 |    45 |   179 |    69 ||   298

Table legend:
 A = Spawn XP
 B = Non-spawn XP
 C = Spawn XP percentage of total XP
 D = Spawn monster count
 E = Non-spawn monster count
 F = Spawn count percentage of total count
 G = Total turns spent on level
                    A         B        C        D         E        F      G
               +---------+---------+-------+---------+---------+-------+---------
         Total |       0 |    8268 |   0.0 |       0 |     192 |   0.0 |  9243
               +---------+---------+-------+---------+---------+-------+---------
           D:1 |       0 |      40 |   0.0 |       0 |      22 |   0.0 |   819
           D:2 |       0 |      67 |   0.0 |       0 |      30 |   0.0 |   652
           D:3 |       0 |     218 |   0.0 |       0 |      29 |   0.0 |  1244
           D:4 |       0 |     106 |   0.0 |       0 |       8 |   0.0 |   832
           D:5 |       0 |    1008 |   0.0 |       0 |      17 |   0.0 |  1546
           D:6 |       0 |     917 |   0.0 |       0 |      25 |   0.0 |  1746
           D:7 |       0 |    3164 |   0.0 |       0 |      39 |   0.0 |  1410
           D:8 |       0 |    2748 |   0.0 |       0 |      22 |   0.0 |   808
               +---------+---------+-------+---------+---------+-------+---------
